 Dungeon Crawl Stone Soup version 0.19.4-10-g532645f (webtiles) character file.

231 Kosschaser the Sneak (level 6, -2/31 HPs)
             Began as a Vine Stalker Assassin on Feb 24, 2017.
             Slain by a hound (4 damage)
             ... on level 5 of the Dungeon.
             The game lasted 00:07:28 (1442 turns).

Kosschaser the Sneak (Vine Stalker Assassin)        Turns: 1442, Time: 00:07:28

Health: -2/31      AC:  4    Str: 13    XL:     6   Next: 4%
Magic:  0/7        EV: 12    Int: 11    God:
Gold:   167        SH:  0    Dex: 18    Spells: 0 memorised, 5 levels left

rFire  . . .     SeeInvis .     a - +2 dagger
rCold  . . .     Gourm    .     c - +0 robe
rNeg   . . .     Faith    .     (no shield)
rPois  .         Spirit   +     p - +0 helmet
rElec  .         Reflect  .     d - +0 cloak
rCorr  .         Harm     .     (no gloves)
MR     .....                    (no boots)
Stlth  ++++......               (no amulet)
                                (no ring)
                                (no ring)

@: no status effects
A: fangs 2, regeneration 1, magic shield, antimagic bite, no device heal 3, rot
immunity
a: no special abilities


You were on level 5 of the Dungeon.
You were near starving.

You visited 1 branch of the dungeon, and saw 4 of its levels.

You collected 167 gold pieces.

Inventory:

Hand Weapons
 a - a +2 dagger (weapon)
 b - a +0 blowgun
Missiles
 e - 45 poisoned needles
 f - 2 curare-tipped needles
Armour
 c - a +0 robe (worn)
 d - a +0 cloak (worn)
 p - a +0 helmet (worn)
Scrolls
 i - 6 scrolls of identify {unknown}
 j - a scroll of immolation {unknown}
 l - a scroll of noise {unknown}
 m - a scroll of magic mapping {unknown}
 s - a scroll of remove curse {unknown}
Potions
 h - a potion of agility {unknown}
 o - a potion of flight {unknown}
 q - a potion of mutation {unknown}
Books
 r - a book of Frost

   Spells                             Type                      Level
   a - Freeze                         Ice                          1
   b - Throw Frost                    Conjuration/Ice              2
   c - Ozocubu's Armour               Charms/Ice                   3
   d - Throw Icicle                   Conjuration/Ice              4
   e - Summon Ice Beast               Ice/Summoning                4
Comestibles
 g - a bread ration
 k - 2 royal jellies
 n - 3 meat rations
 t - a slice of pizza


   Skills:
 + Level 2.3 Fighting
 + Level 2.7 Short Blades
 + Level 2.1 Throwing
 + Level 1.4 Dodging
 * Level 7.5 Stealth


You had 5 spell levels left.
You didn't know any spells.

Dungeon Overview and Level Annotations

Branches:
Dungeon (5/15)
 Temple: D:4-7

Altars:
Gozag
Nemelex Xobeh

Annotations:
D:4 sheala's ghost, amateur DECj


Innate Abilities, Weirdness & Mutations

You have extremely sharp teeth.
Your natural rate of healing is unusually fast.
When hurt, damage is shared between your health and your magic reserves.
Your bite disrupts and absorbs the magic of your enemies.
Potions and wands cannot restore your health.
You are immune to rotting.


Message History

You see here a scroll labeled OTTUAQAICE.
The bullfrog skeleton closely misses you.
The hound barely misses you.
The bullfrog skeleton closely misses you.
The hound bites you but does no damage.
The bullfrog skeleton barely misses you.
The hound bites you.
* * * LOW HITPOINT WARNING * * *
The hound stops to sniff the ground.
The bullfrog skeleton hits you but does no damage.
The hound bites you. The hound closely misses you.
The bullfrog skeleton hits you.
* * * LOW HITPOINT WARNING * * *
The hound completely misses you.
The bullfrog skeleton hits you but does no damage.
The bullfrog skeleton hits you.
* * * LOW HITPOINT WARNING * * *
The hound bites you.
You die...

##############
#............#
#............#
#..........Zh#
#...........@#
+?...........+
#..........[.#
#............####
#%...<..........#
##...............#
#.........####...#
#.........# ...#
#.........# ...#


You could see a hound and a bullfrog skeleton.

Vanquished Creatures
  A phantom (D:4)
  A scorpion (D:4)
  Terence (D:2)
  2 adders (D:4)
  2 oozes
  2 worms
  A dart slug (D:1)
  2 giant cockroaches (D:1)
  7 goblins
  4 hobgoblins (D:1)
  A jackal (D:1)
  4 kobolds
  2 bats
  4 frilled lizards (D:1)
  3 rats (D:1)
37 creatures vanquished.

Notes
Turn   | Place    | Note
-------+----------+-------------------------------------------
     0 | D:1      | Kosschaser the Vine Stalker Assassin began the quest for the Orb.
     0 | D:1      | Reached XP level 1. HP: 11/11 MP: 2/2
   100 | D:1      | Reached skill level 5 in Stealth
   173 | D:1      | Reached XP level 2. HP: 13/15 MP: 1/3
   378 | D:1      | Reached XP level 3. HP: 17/18 MP: 4/4
   848 | D:2      | Found a sparkling altar of Nemelex Xobeh.
   926 | D:2      | Found a faded altar of an unknown god.
   926 | D:2      | Found a faded altar of an unknown god.
   950 | D:2      | Found a faded altar of an unknown god.
   952 | D:2      | Found a faded altar of an unknown god.
   954 | D:2      | Found an opulent altar of Gozag.
   978 | D:2      | Noticed Terence
   980 | D:2      | Reached skill level 6 in Stealth
  1005 | D:2      | Killed Terence
  1005 | D:2      | Reached skill level 1 in Dodging
  1005 | D:2      | Gained mutation: Your natural rate of healing is unusually fast. [Vine Stalker growth]
  1005 | D:2      | Reached XP level 4. HP: 14/23 MP: 3/5
  1149 | D:2      | You fall through a shaft for 2 floors!
  1151 | D:4      | Noticed a phantom
  1241 | D:4      | Killed a phantom
  1241 | D:4      | Reached skill level 7 in Stealth
  1241 | D:4      | Reached XP level 5. HP: 6/26 MP: 4/6
  1337 | D:4      | Noticed sheala's ghost (amateur DECj)
  1349 | D:4      | Reached XP level 6. HP: 18/31 MP: 3/7
  1374 | D:5      | Entered Level 5 of the Dungeon
  1442 | D:5      | Slain by a hound

Skill      XL: |  1  2  3  4 |
---------------+-------------+-----
Throwing       | 2 |  2.1
Stealth        | 5 6 7 |  7.5
Fighting       | 2 |  2.3
Short Blades   | 2 |  2.7
Dodging        | 1 |  1.4

Action                   |  1- 3 |  4- 6 || total
-------------------------+-------+-------++-------
Melee: Dagger            |    78 |    62 ||   140
       Bite              |    22 |    22 ||    44
 Fire: Blowgun           |     3 |       ||     3
 Stab: Sleeping          |     8 |     3 ||    11
Armor: Robe              |    11 |    23 ||    34
Dodge: Dodged            |    25 |    49 ||    74
